Map: Polka LE

Players

qqq - Winner!

  • Race: Zerg Zerg
  • Spawn Location: 5:00

Massa - Winner!

  • Race: Terran Terran
  • League: Platinum
  • Spawn Location: 5:00

ZICLord

  • Race: Protoss Protoss
  • League: Diamond
  • Spawn Location: 11:00

Grisou

  • Race: Terran Terran
  • League: Platinum
  • Spawn Location: 11:00

VOD

Have the link to the VOD?

Description

Time

  • Played on: Feb. 19, 2021, 12:01 p.m.
  • Length: 14:38
Show
View Real Time Build Order
Export as new Build Order

qqq Zerg - Winner!

Build Orders: Hatch First, Brood Lord Corruptor 

Get SALT Encoding   

  12  0:00  Drone  
  13  0:19  Drone  
  14  0:21  Overlord  
  14  0:45  Hatchery  
  14  0:49  Drone  
  14  0:54  Drone  
  14  0:56  Drone  
  16  1:08  Drone  
  17  1:19  Spawning Pool  
  17  1:21  Extractor  
  17  1:24  Drone  
  16  1:28  Drone  
  17  1:33  Drone  
  18  1:46  Drone  
  19  1:54  Drone  
  19  1:58  Drone  
  21  2:06  Overlord  
  21  2:07  Queen  
  23  2:12  Queen  
  23  2:15  Drone  
  26  2:23  Metabolic Boost  
  26  2:30  Overlord  
  26  2:32  Drone  
  26  2:33  Drone  
  28  2:37  Zergling x2  
  28  2:39  Zergling x2  
  28  2:42  Drone  
  31  2:51  Zergling x2  
  32  2:59  Zergling x2  
  32  3:01  Drone  
  32  3:03  Lair  
  32  3:04  Drone  
  35  3:10  Zergling x2  
  36  3:13  Overlord  
  36  3:17  Zergling x2  
  36  3:18  Zergling x4  
  39  3:23  Zergling x2  
  39  3:24  Zergling x4  
  42  3:28  Zergling x2  
  42  3:31  Zergling x2  
  44  3:35  Zergling x2  
  44  3:40  Zergling x2  
  46  3:51  Drone  
  46  3:53  Overlord  
  46  3:57  Zergling x2  
  46  3:58  Hatchery  
  45  4:05  Zergling x6  
  47  4:10  Zergling x2  
  47  4:11  Zergling x6  
  50  4:24  Zergling x4  
  49  4:32  Zergling x6  
  49  4:33  Zergling x6  
  53  4:42  Zergling x2  
  53  4:43  Zergling x2  
  50  4:59  Zergling x2  
  45  5:01  Zergling x2  
  45  5:02  Zergling x2  
  43  5:09  Spore Crawler  
  43  5:10  Spire  
  43  5:11  Spore Crawler  
  43  5:13  Drone x3  
  43  5:14  Zergling x2  
  44  5:22  Drone  
  44  5:23  Infestation Pit  
  44  5:24  Drone  
  44  5:26  Spore Crawler  
  44  5:27  Drone  
  45  5:31  Queen  
  45  5:33  Drone  
  48  5:37  Drone  
  48  5:38  Extractor  
  48  5:53  Drone x3  
  48  5:55  Overseer  
  49  6:04  Drone x5  
  48  6:05  Drone  
  48  6:06  Drone x3  
  56  6:15  Pneumatized Carapace  
  56  6:20  Extractor  
  56  6:22  Extractor  
  56  6:23  Drone  
  56  6:24  Drone x4  
  59  6:32  Mutalisk  
  61  6:33  Drone x2  
  61  6:34  Drone  
  64  6:43  Mutalisk  
  66  6:48  Overlord x3  
  66  7:05  Mutalisk  
  66  7:06  Hatchery, Overlord  
  67  7:11  Drone x5  
  67  7:12  Drone  
  71  7:25  Drone x3  
  71  7:26  Drone  
  75  7:31  Hive  
  75  7:33  Drone  
  75  7:35  Extractor  
  75  7:37  Extractor  
  75  7:40  Drone  
  75  7:56  Drone  
  75  7:57  Drone, Mutalisk x2  
  81  8:01  Zergling x2, Overlord x2  
  81  8:02  Zergling x6  
  81  8:05  Drone  
  86  8:06  Zerg Flyer Weapons Level 1  
  86  8:16  Drone x2  
  86  8:17  Drone  
  86  8:18  Mutalisk  
  91  8:20  Drone  
  91  8:21  Zergling x4  
  93  8:40  Drone x6  
  99  8:48  Drone  
  99  8:50  Viper  
  99  8:51  Mutalisk  
  99  8:52  Zergling x8  
  109  9:01  Drone x3  
  112  9:05  Spine Crawler, Spore Crawler  
  110  9:20  Hatchery  
  110  9:22  Drone x3  
  110  9:23  Mutalisk x2  
  116  9:24  Corruptor, Overlord  
  116  9:25  Zergling x4  
  118  9:32  Hatchery  
  92  9:46  Hatchery  
  92  9:51  Drone x6, Corruptor x2  
  92  9:52  Hatchery, Corruptor  
  102  9:53  Zergling x8  
  103  10:07  Greater Spire, Corruptor x4  
  103  10:08  Zergling x6  
  103  10:11  Drone  
  103  10:12  Zergling x2  
  103  10:13  Zergling x2  
  117  10:18  Baneling Nest  
  116  10:22  Extractor  
  116  10:23  Extractor  
  116  10:24  Spine Crawler  
  116  10:25  Spine Crawler  
  116  10:28  Spine Crawler  
  111  10:33  Mutalisk x2  
  111  10:34  Zergling x6  
  111  10:35  Drone x3  
  120  10:36  Drone x4  
  120  10:41  Spine Crawler  
  124  10:43  Zergling x4  
  124  10:44  Spine Crawler  
  125  10:56  Overlord x2  
  125  10:57  Overlord x4  
  125  10:58  Overlord  
  125  11:07  Spire  
  125  11:10  Overlord x2  
  125  11:11  Drone x5  
  126  11:14  Drone  
  126  11:15  Drone x2  
  132  11:20  Brood Lord  
  132  11:21  Brood Lord  
  132  11:24  Brood Lord  
  138  11:26  Brood Lord  
  138  11:30  Brood Lord  
  130  11:52  Brood Lord x3  
  130  11:53  Corruptor  
  138  11:54  Zergling x12  
  138  11:55  Drone x2, Zergling x2  
  138  11:56  Drone x10  
  138  12:00  Corruptor  
  158  12:07  Drone x4  
  158  12:08  Drone  
  163  12:13  Drone x3  
  163  12:14  Spine Crawler, Spore Crawler  
  163  12:15  Spine Crawler  
  163  12:16  Spine Crawler  
  163  12:17  Spine Crawler  
  161  12:23  Corruptor x2, Viper  
  168  12:32  Drone x4  
  168  12:35  Spine Crawler  
  168  12:36  Drone x4, Spine Crawler x2, Spore Crawler  
  168  12:37  Drone x2, Spine Crawler  
  174  12:39  Overlord  
  173  12:48  Brood Lord  
  175  12:52  Brood Lord  
  175  12:56  Drone x2, Zergling x8  
  175  12:57  Zergling x4  
  186  13:02  Spine Crawler  
  180  13:08  Spine Crawler x2  
  180  13:12  Drone x2  
  175  13:13  Drone x4  
  173  13:23  Spine Crawler x2  
  173  13:25  Spine Crawler  
  173  13:26  Spine Crawler  
  161  13:27  Spine Crawler, Corruptor  
  161  13:28  Corruptor x3  
  161  13:31  Spine Crawler  
  155  13:44  Viper  
  155  13:45  Corruptor x4  
  155  13:46  Zergling x8  
  170  13:49  Brood Lord  
  170  13:52  Drone x3, Zergling x2  
  170  13:53  Zergling x6  
  191  14:18  Zergling x2  
  191  14:19  Zergling x4  
Show
View Real Time Build Order
Export as new Build Order

Massa Terran - Winner!

Build Orders: Hellion Banshee 

Get SALT Encoding   

  12  0:00  SCV  
  13  0:12  SCV  
  14  0:19  Supply Depot  
  14  0:24  SCV  
  15  0:40  SCV  
  15  0:42  Barracks  
  16  0:47  Refinery  
  16  0:52  SCV  
  17  1:11  SCV  
  18  1:23  SCV  
  19  1:35  SCV  
  20  1:41  Barracks Reactor  
  20  1:43  Supply Depot  
  20  1:49  Orbital Command  
  20  1:57  Command Center  
  20  2:17  Marine x2  
  20  2:19  SCV  
  23  2:25  Factory  
  23  2:31  SCV  
  23  2:35  Marine x2  
  26  2:41  Refinery  
  26  2:42  Engineering Bay  
  26  2:53  Marine x2  
  28  3:02  SCV  
  29  3:10  Orbital Command  
  29  3:14  SCV  
  30  3:20  Starport  
  30  3:24  Hellion x2  
  34  3:27  Barracks Tech Lab  
  34  3:36  SCV  
  35  3:46  Hellion x2  
  39  4:02  Supply Depot  
  39  4:03  Cloaking Field  
  39  4:04  Banshee  
  39  4:05  Barracks Tech Lab  
  40  4:17  Hellion x2  
  36  4:38  Hellion  
  34  4:46  SCV x2  
  34  4:47  Banshee  
  34  4:51  Missile Turret  
  39  4:53  Terran Infantry Weapons Level 1, Missile Turret  
  39  4:56  Armory  
  39  4:58  SCV, Engineering Bay  
  39  4:59  SCV  
  41  5:01  Widow Mine x2  
  45  5:07  Stimpack  
  45  5:10  SCV  
  45  5:11  SCV  
  47  5:23  SCV x2  
  49  5:34  Medivac  
  49  5:46  Factory Tech Lab  
  49  5:47  SCV x2  
  47  5:53  Refinery  
  47  5:58  Barracks  
  47  5:59  SCV x2  
  47  6:00  Marine  
  49  6:18  Marine  
  44  6:36  Marine  
  45  6:54  Marine  
  40  7:03  Medivac  
  40  7:06  Siege Tank  
  45  7:12  Marine  
  44  7:16  Barracks  
  44  7:18  Barracks  
  43  7:23  Missile Turret  
  43  7:29  Marine  
  43  7:32  SCV x2  
  46  7:38  Siege Tank  
  50  7:44  SCV x2  
  50  7:47  Marine  
  52  7:56  SCV x2  
  54  7:59  Terran Infantry Armor Level 1, Terran Infantry Weapons Level 2  
  54  8:00  Supply Depot x2  
  54  8:05  Refinery, Supply Depot  
  54  8:16  Barracks Tech Lab x2  
  54  8:19  Command Center  
  54  8:21  Banshee, Siege Tank, Marine, SCV  
  54  8:22  SCV, Marine x2  
  54  8:25  Supply Depot  
  65  8:33  SCV  
  66  8:34  SCV  
  66  8:39  Marine x3  
  70  8:45  Marauder x2  
  70  8:46  SCV  
  70  8:47  Combat Shield  
  75  8:49  Concussive Shells  
  75  8:57  Marauder, Marine  
  78  9:05  Barracks x2  
  78  9:06  Marauder x2  
  78  9:08  Terran Vehicle Weapons Level 1, Supply Depot  
  82  9:13  Medivac  
  82  9:16  SCV x2  
  86  9:26  Supply Depot  
  86  9:29  Marine  
  86  9:30  Marauder x2  
  58  9:47  Marine  
  58  9:48  Siege Tank  
  58  9:51  Orbital Command, Marauder, Marine  
  65  9:53  SCV x2  
  65  9:57  Medivac  
  69  10:03  Barracks Tech Lab  
  69  10:04  Barracks Reactor  
  69  10:05  SCV x2  
  69  10:06  Marauder  
  73  10:09  Marauder  
  73  10:13  Marauder  
  77  10:15  Missile Turret  
  77  10:20  Siege Tank  
  80  10:24  Terran Infantry Armor Level 2  
  80  10:27  SCV x2  
  80  10:28  SCV  
  83  10:33  Refinery  
  83  10:35  Refinery, Marine x2  
  82  10:36  Marauder x2  
  82  10:39  SCV x2  
  82  10:40  SCV  
  90  10:51  SCV x2  
  90  10:52  SCV, Viking, Siege Tank  
  90  10:53  Marine x2  
  90  10:56  Marine x2  
  90  10:57  Marine x2  
  102  11:03  SCV  
  102  11:04  SCV x2  
  106  11:11  Marauder  
  109  11:12  Marauder  
  109  11:14  Marine  
  109  11:15  Marauder  
  109  11:16  SCV x3  
  109  11:17  Barracks  
  117  11:19  Barracks  
  117  11:21  Terran Infantry Weapons Level 3  
  117  12:00  Supply Depot  
  117  12:03  Supply Depot  
  117  12:12  Command Center  
  117  12:21  SCV, Marine  
  117  12:22  Marauder x3  
  125  12:24  SCV, Viking, Supply Depot  
  125  12:25  Marauder  
  125  12:26  Supply Depot  
  130  12:31  Sensor Tower  
  130  12:34  Missile Turret x2  
  130  12:39  Siege Tank  
  133  12:45  Marauder x2, Marine x2  
  133  12:46  Marauder  
  133  12:47  Supply Depot  
  133  12:48  Marine  
  142  12:51  Supply Depot  
  142  13:03  Marine x2  
  144  13:05  Marine  
  144  13:07  Marauder x2  
  144  13:09  Marauder, Supply Depot  
  144  13:11  Siege Tank  
  154  13:14  Supply Depot  
  154  13:26  Marauder, Marine x2  
  158  13:28  Marauder x2  
  158  13:30  Marauder  
  158  13:32  Supply Depot  
  163  13:39  Supply Depot  
  161  13:43  Marine, Siege Tank  
  161  13:44  Marine  
  161  13:47  Marauder  
  164  13:49  Marine  
  164  13:50  Marauder  
  164  13:51  Marine  
  168  13:57  Supply Depot  
  168  14:02  Supply Depot  
  171  14:27  Supply Depot  
Show
View Real Time Build Order
Export as new Build Order

ZICLord Protoss 

Build Orders:  

Get SALT Encoding   

  12  0:00  Probe  
  13  0:12  Probe  
  14  0:18  Pylon  
  14  0:24  Probe  
  15  0:36  Probe  
  15  0:41  Gateway  
  16  0:48  Probe  
  16  0:49  Assimilator  
  17  1:00  Probe  
  18  1:14  Probe  
  19  1:27  Probe  
  20  1:38  Cybernetics Core  
  20  1:40  Pylon  
  20  1:49  Probe  
  21  2:01  Probe  
  22  2:05  Nexus  
  22  2:07  Pylon  
  22  2:13  Probe, Stalker (Chrono Boost)  
  23  2:17  Assimilator  
  25  2:24  Warp Gate (Chrono Boost)  
  25  2:25  Probe  
  26  2:41  Shield Battery  
  26  2:43  Shield Battery  
  26  2:49  Probe  
  27  2:56  Gateway  
  27  2:57  Gateway  
  27  3:01  Probe  
  28  3:07  Gateway  
  28  3:18  Robotics Facility  
  28  3:19  Probe  
  30  3:20  Probe  
  30  3:31  Probe  
  30  3:32  Probe  
  30  3:33  Assimilator  
  32  3:43  Probe  
  32  3:44  Probe  
  34  3:55  Probe  
  35  4:06  Stalker x4  
  41  4:31  Stalker  
  41  4:32  Stalker x2  
  35  4:46  Stalker  
  37  5:06  Pylon  
  36  5:10  Probe x2  
  36  5:12  Immortal  
  42  5:22  Probe  
  42  5:23  Probe  
  42  5:27  Stalker x2  
  48  5:34  Probe  
  48  5:35  Probe, Nexus  
  50  5:46  Probe  
  51  5:51  Stalker  
  53  6:08  Pylon  
  53  6:09  Pylon  
  53  6:10  Pylon  
  53  6:14  Probe, Assimilator  
  54  6:26  Probe x2  
  54  6:27  Shield Battery  
  54  6:29  Shield Battery  
  55  6:35  Observer (Chrono Boost)  
  45  6:48  Warp Prism (Chrono Boost)  
  45  7:03  Stalker x3  
  50  7:23  Probe x3  
  55  7:35  Probe  
  55  7:36  Probe x2  
  58  7:43  Immortal  
  60  7:47  Probe  
  60  7:48  Probe x2  
  63  8:12  Zealot x4  
  71  8:20  Probe x3  
  74  8:32  Probe, Immortal  
  71  8:40  Pylon  
  71  8:42  Probe x2, Pylon  
  71  8:44  Probe  
  74  8:54  Probe x2  
  74  8:55  Twilight Council  
  76  8:56  Probe  
  76  9:00  Pylon  
  77  9:03  Pylon  
  77  9:06  Probe x2  
  79  9:10  Probe  
  80  9:18  Probe  
  81  9:37  Stalker x3  
  81  9:38  Stalker  
  71  10:14  Gateway  
  71  10:16  Gateway  
  71  10:18  Gateway  
  71  10:20  Gateway  
  71  10:21  Forge  
  71  10:23  Gateway  
  71  10:24  Forge  
  71  10:25  Templar Archives  
  71  10:26  Pylon  
  71  10:40  Probe, Assimilator  
  71  10:41  Probe x2  
  74  10:53  Probe x3  
  74  10:56  Nexus  
  77  11:05  Probe x3  
  77  11:08  Pylon  
  77  11:10  Pylon  
  80  11:11  High Templar  
  80  11:12  High Templar x5  
  80  11:15  Archon  
  80  11:16  Archon x2  
  80  11:17  Probe x3  
  95  11:29  Probe  
  96  11:37  High Templar x2  
  96  11:38  High Templar  
  102  11:44  High Templar  
  102  11:45  High Templar x5  
  113  11:47  Archon  
  113  11:48  Archon x2  
  113  11:49  Archon  
  113  11:59  Probe x3  
  116  12:04  Assimilator  
  116  12:10  Gateway x2  
  116  12:12  Gateway  
  116  12:15  Probe, Gateway  
  117  12:16  Probe x3, Protoss Ground Weapons Level 1 (Chrono Boost)  
  117  12:17  Gateway, Protoss Ground Armor Level 1 (Chrono Boost)  
  117  12:20  Photon Cannon  
  117  12:22  Photon Cannon  
  120  12:23  High Templar x3  
  120  12:24  Photon Cannon  
  120  12:25  Shield Battery, Stalker x2  
  120  12:27  Probe, Archon  
  120  12:28  Probe x3, Archon  
  134  12:31  Psionic Storm  
  134  12:39  Probe  
  135  13:00  High Templar x2  
  135  13:04  Zealot x4  
  147  13:13  Pylon, Assimilator  
  147  13:15  Pylon, Assimilator  
  147  13:17  Pylon  
  147  13:21  Pylon  
  147  13:24  Pylon  
  97  13:45  Zealot x2  
  97  13:46  Zealot x6  
  97  13:47  High Templar x4  
  103  13:49  High Templar  
  103  13:51  Archon  
  103  13:52  Archon  
  97  14:11  High Templar x2  
  97  14:13  Stalker x2  
  97  14:16  Archon  
Show
View Real Time Build Order
Export as new Build Order

Grisou Terran 

Build Orders: Banshee Rush 

Get SALT Encoding   

  12  0:00  SCV  
  13  0:12  SCV  
  14  0:18  Supply Depot  
  14  0:25  SCV  
  15  0:39  SCV  
  15  0:41  Barracks  
  16  0:46  Refinery  
  16  0:51  SCV  
  17  1:04  SCV  
  18  1:16  SCV  
  19  1:21  Refinery  
  19  1:28  Marine  
  19  1:29  Supply Depot  
  19  1:30  Orbital Command  
  20  1:46  Marine  
  21  1:57  SCV  
  22  2:01  Factory  
  22  2:06  Marine  
  23  2:10  SCV  
  24  2:17  Command Center  
  24  2:23  SCV  
  24  2:28  Marine  
  26  2:36  SCV  
  27  2:45  Starport  
  27  2:46  Factory Tech Lab  
  27  2:48  Marine  
  27  2:51  SCV  
  29  2:55  Supply Depot  
  29  3:12  SCV  
  30  3:15  Factory Tech Lab  
  30  3:26  SCV  
  31  3:30  Orbital Command  
  31  3:31  Banshee, Cloaking Field  
  31  3:32  Barracks Reactor  
  34  3:38  Siege Tank  
  37  3:42  SCV  
  38  4:01  Supply Depot  
  38  4:07  SCV  
  38  4:09  Orbital Command  
  38  4:14  Command Center  
  33  4:29  Banshee  
  33  4:30  Siege Tank  
  33  4:31  Marine x2  
  40  4:32  SCV  
  42  4:41  SCV  
  42  4:44  SCV  
  44  4:48  Command Center  
  44  4:50  Orbital Command  
  44  4:51  Barracks  
  44  4:54  Marine x2  
  46  5:09  Siege Tank  
  52  5:19  Marine x2  
  52  5:20  SCV  
  52  5:21  SCV  
  53  5:33  SCV, Barracks  
  54  5:39  SCV  
  55  5:45  SCV  
  55  5:47  Barracks Reactor  
  55  5:48  Marine x2, Siege Tank  
  61  5:50  Starport Reactor  
  58  6:12  Marine x2  
  60  6:24  Marine x2  
  60  6:25  Marauder, Stimpack  
  64  6:26  Orbital Command  
  64  6:31  Marine x2  
  64  6:32  Factory, Siege Tank  
  69  6:34  Engineering Bay  
  69  7:02  Marine x2  
  69  7:03  Marine x3  
  69  7:04  Medivac  
  69  7:08  SCV  
  77  7:10  Supply Depot  
  77  7:12  Supply Depot  
  77  7:13  Supply Depot  
  77  7:23  Refinery  
  77  7:29  Factory Tech Lab, Medivac  
  77  7:32  SCV x2, Marine x3, Siege Tank  
  77  7:34  Marine  
  77  7:35  Refinery  
  85  7:39  Marine  
  86  7:49  Barracks  
  86  7:50  Barracks  
  86  7:51  Orbital Command  
  86  7:52  Barracks  
  86  7:55  Marine x3  
  86  7:58  Marine  
  90  7:59  Siege Tank  
  93  8:12  Marine, Siege Tank  
  97  8:17  Terran Infantry Weapons Level 1  
  97  8:19  SCV x2  
  100  8:20  SCV  
  100  8:26  Engineering Bay  
  100  8:28  Armory  
  100  8:32  Marine  
  101  8:38  Barracks Reactor, Barracks Tech Lab  
  101  8:40  Barracks Reactor  
  101  8:45  Missile Turret  
  101  8:48  Missile Turret  
  101  8:52  Missile Turret  
  101  8:53  Missile Turret  
  101  8:58  Combat Shield  
  101  8:59  Concussive Shells  
  101  9:04  Supply Depot  
  101  9:06  Supply Depot  
  101  9:07  Terran Infantry Armor Level 1  
  101  9:21  Refinery  
  101  9:23  Refinery  
  101  9:25  SCV x2, Marine x4  
  101  9:26  Marauder  
  101  9:27  SCV, Marine x2, Medivac, Siege Tank  
  101  9:30  Marine  
  117  9:38  SCV x2  
  106  9:39  SCV  
  106  9:43  Marine  
  106  9:44  Marine x2  
  106  9:45  Siege Tank  
  109  10:04  Marine x8  
  117  10:09  Supply Depot  
  117  10:10  Supply Depot  
  117  10:12  Supply Depot  
  117  10:19  SCV x3, Marine, Siege Tank  
  117  10:20  Terran Infantry Weapons Level 2, Terran Vehicle Weapons Level 1  
  124  10:21  Supply Depot  
  124  10:26  Marine  
  125  10:30  Marine x7  
  125  10:31  SCV  
  133  10:49  SCV  
  135  10:50  SCV x2  
  136  10:58  Command Center  
  136  11:03  SCV x3  
  139  11:04  Marine  
  139  11:05  Marine x7  
  139  11:06  Siege Tank x2  
  139  11:07  Medivac  
  139  11:11  Terran Infantry Armor Level 2  
  155  11:31  Marine  
  155  11:32  Marine  
  157  11:40  Starport  
  157  11:42  Starport  
  157  11:43  Marine  
  157  11:44  Marine x3  
  157  11:45  Marine  
  153  12:04  Marine x4  
  157  12:09  Marine x3, Thor x2  
  157  12:15  Supply Depot  
  172  12:17  Starport Reactor  
  172  12:18  Starport Reactor  
  172  12:36  Marine x5  
  177  12:50  Marine  
  178  12:52  Viking  
  179  13:09  Orbital Command  
  179  13:13  Viking  
  115  13:50  Siege Tank x2  
  115  13:52  Viking x3  
  115  13:53  Viking x2  
  110  14:14  Marine x9  
  117  14:19  SCV  
Tags
 
Add a new tag
Caveats
  • Supply blocks, unpowered buildings, or Contaminate may cause inaccurate times.
  • Supply counts are checked every 10 seconds.